 Dungeon Crawl Stone Soup version 0.22-a0-373-gab1296c (webtiles) character file.

194 puppykicker the Shooter (level 5, -4/46 HPs)
             Began as a Minotaur Arcane Marksman on Apr 25, 2018.
             Slain by an orc
             ... wielding a +0 flail
              (9 damage)
             ... on level 3 of the Dungeon.
             The game lasted 00:08:01 (3094 turns).

puppykicker the Shooter (Minotaur Arcane Marksman)  Turns: 3094, Time: 00:08:02

Health: -4/46      AC:  2    Str: 14    XL:     5   Next: 44%
Magic:  5/5        EV: 12    Int: 11    God:
Gold:   160        SH:  0    Dex: 11    Spells: 3/6 levels left

rFire    . . .     SeeInvis .   a - +0 flail
rCold    . . .     Gourm    .   (no shield)
rNeg     . . .     Faith    .   e - +0 robe
rPois    +         Spirit   .   (helmet restricted)
rElec    .         Reflect  .   (no cloak)
rCorr    .         Harm     .   (no gloves)
MR       .....                  (no boots)
Stlth    ..........             (no amulet)
HPRegen  0.15/turn              h - ring of poison resistance
MPRegen  0.09/turn              m - ring of loudness (curse)

@: drained
A: retaliatory headbutt, horns 2
a: no special abilities


You were on level 3 of the Dungeon.
You were not hungry.

You visited 1 branch of the dungeon, and saw 3 of its levels.

You collected 160 gold pieces.


Innate Abilities, Weirdness & Mutations

You reflexively headbutt those who attack you in melee.
You have a pair of horns on your head.


   Skills:
 + Level 3.8(3.7) Fighting
 * Level 5.3(5.2) Bows
 - Level 2.1 Dodging
 - Level 1.0(0.9) Spellcasting
 - Level 2.0(1.9) Hexes


You had 3 spell levels left.
You knew the following spells:

 Your Spells              Type           Power        Failure   Level  Hunger
a - Corona                Hex            #......      16%         1    ##.....
b - Slow                  Hex            #.......     22%         2    ###....

Inventory:

Hand Weapons
 a - a +0 flail (weapon)
 b - a +0 shortbow
 c - a +1 short sword of draining
Missiles
 d - 56 arrows
 g - a throwing net (quivered)
 o - 4 tomahawks
Armour
 e - a +0 robe (worn)
Jewellery
 h - a ring of poison resistance (left hand)
 m - a cursed ring of loudness (right hand)
Scrolls
 j - 2 scrolls of amnesia
Potions
 i - 2 potions of curing
 k - a potion of haste
Comestibles
 f - 6 rations
 n - a chunk of flesh {@w1}

Dungeon Overview and Level Annotations

Branches:
Dungeon (3/15)

Altars:

Annotations:
D:1 fly
D:3 gowby's ghost, amateur BaSk

##### ### #...#
..#### #.#.#
.....# #.#.#.###
.....# #..†..†o#
.....#......<..#o#
.....###########@#
#................#
...........>######
..##.########
#.##.# #....#
######


You could see 2 orcs.


Message History

The orc shouts!
The orc closely misses you.
You barely miss the orc. The orc closely misses you. The orc misses you.
You barely miss the orc. The orc hits you but does no damage.
You closely miss the orc. The orc hits you with a club.
* * * LOW HITPOINT WARNING * * *
You closely miss the orc. You headbutt the orc.
The orc is heavily wounded.
The orc hits you with a flail.
* * * LOW HITPOINT WARNING * * *
The orc hits you with a club.
* * * LOW HITPOINT WARNING * * *
You are too injured to fight recklessly!
You are too injured to fight recklessly!
You see here a goblin corpse.
The orc throws an exploding tomahawk.
The exploding tomahawk closely misses you.
The exploding tomahawk explodes!
The explosion of tomahawk fragments engulfs you!
* * * LOW HITPOINT WARNING * * *
You are too injured to fight recklessly!
You are too injured to fight recklessly!
You are too injured to fight recklessly!
You are too injured to fight recklessly!
You barely miss the orc.
The orc is moderately wounded.
The orc hits you with a flail!
* * * LOW HITPOINT WARNING * * *
The orc hits you with a flail!
You die...

Action                   |  1- 3 |  4- 6 || total
-------------------------+-------+-------++-------
Melee: Short sword       |    42 |    23 ||    65
       Headbutt          |     3 |    12 ||    15
       Flail             |       |    85 ||    85
 Fire: Shortbow          |    54 |     9 ||    63
 Cast: Slow              |       |     1 ||     1
  Use: Scroll            |       |     4 ||     4
       Potion            |       |     3 ||     3
  Eat: Chunk             |     1 |     3 ||     4
       Ration            |       |     1 ||     1
Armor: Robe              |    16 |    18 ||    34
Dodge: Dodged            |    47 |    87 ||   134

Vault maps used:
D:1:      erik_arrival_gehennom
D:3:      portal_sewer_entry_e, minmay_misc_feat_ornament,
          minmay_misc_feat_alley, uniq_grinder, uniq_crazy_yiuf_cottage

Notes
Turn   | Place    | Note
-------+----------+-------------------------------------------
     0 | D:1      | puppykicker the Minotaur Arcane Marksman began the quest for the Orb.
     0 | D:1      | Reached XP level 1. HP: 16/16 MP: 1/1
    60 | D:1      | Reached XP level 2. HP: 17/24 MP: 2/2
   150 | D:1      | Learned a level 2 spell: Slow
   202 | D:1      | Reached skill level 3 in Bows
   211 | D:1      | Reached skill level 2 in Fighting
   354 | D:1      | Reached XP level 3. HP: 29/29 MP: 3/3
  1149 | D:2      | Reached skill level 4 in Bows
  1156 | D:2      | Reached XP level 4. HP: 21/37 MP: 4/4
  1165 | D:2      | Reached skill level 3 in Fighting
  1165 | D:2      | HP: 3/38 [kobold/dagger (5)]
  2798 | D:3      | Reached XP level 5. HP: 45/45 MP: 5/5
  2814 | D:3      | Reached skill level 5 in Bows
  2969 | D:3      | Noticed gowby's ghost (amateur BaSk)
  3094 | D:3      | Slain by an orc

Vanquished Creatures
  An orc priest (D:3)
  4 adders
  4 gnolls
  2 oozes (D:1)
  3 worms
  A dart slug (D:1)
  2 leopard geckos (D:1)
  5 orcs (D:3)
  6 bats
  2 giant cockroaches
  10 goblins
  6 hobgoblins
  3 jackals (D:3)
  A quokka (D:2)
  2 ball pythons (D:1)
  A frilled lizard (D:2)
  7 kobolds
  8 rats
68 creatures vanquished.
